 Dungeon Crawl Stone Soup version 0.29.1-14-g9c671dbff4 (webtiles) character file.

Game seed: 13989333226483991006

15 bnorton916 the Firebug (level 2, -1/15 HPs)
             Began as a Deep Elf Fire Elementalist on Feb 15, 2023.
             Slain by a gnoll
             ... wielding a +0 halberd
              (14 damage)
             ... on level 2 of the Dungeon.
             The game lasted 00:01:00 (950 turns).

bnorton916 the Firebug (Deep Elf Fire Elementalist)  Turns: 950, Time: 00:01:00

Health: -1/15      AC:  2    Str:  5    XL:     2   Next: 34%
Magic:  6/8        EV: 12    Int: 19    God:
Gold:   51         SH:  0    Dex: 15    Spells: 6/7 levels left

rFire   . . .      SeeInvis .   (no weapon)
rCold   . . .      Faith    .   (no shield)
rNeg    . . .      Spirit   .   a - +0 robe
rPois   .          Reflect  .   (no helmet)
rElec   .          Harm     .   (no cloak)
rCorr   .          Rampage  .   (no gloves)
Will    .....                   (no boots)
Stlth   ++........              (no amulet)
HPRegen 0.05/turn               (no ring)
MPRegen 0.11/turn               (no ring)

@: about to teleport
A: no striking features
a: no special abilities


You were on level 2 of the Dungeon.
You visited 1 branch of the dungeon, and saw 2 of its levels.

You collected 51 gold pieces.

Inventory:

Missiles
 c - 6 boomerangs
Armour
 a - a +0 robe (worn)
Scrolls
 d - a scroll of amnesia
Potions
 b - a potion of magic
 e - a potion of ambrosia {unknown}


   Skills:
 - Level 2.4 Dodging
 - Level 2.4 Stealth
 + Level 3.4 Spellcasting
 + Level 1.7 Conjurations
 + Level 3.6 Fire Magic


You had 6 spell levels left.
You knew the following spells:

 Your Spells              Type           Power      Damage    Failure   Level
a - Foxfire               Conj/Fire      52%        2x1d6     4%          1

Your spell library contained the following spells:

 Spells                   Type           Power      Damage    Failure   Level
 Scorch                   Fire           34%        2d6       4%          2
 Conjure Flame            Conj/Fire      13%        6-21      14%         3
 Inner Flame              Hex/Fire       10%        N/A       21%         3
 Flame Wave               Conj/Fire      13%        2d6       43%         4


Dungeon Overview and Level Annotations

Branches:
Dungeon (2/15)

Altars:


Message History

You are yanked towards some nearby monsters!
Your surroundings suddenly seem different.
An adder, a hobgoblin, 2 jackals and a gnoll come into view.
Found 15 gold pieces.
The gnoll shouts!
You hear a shout!
The jackal barks! x2
The adder hisses angrily.
Casting: Foxfire (safe; 4% risk of failure)
Confirm with . or Enter, or press ? or * to list all spells.
You conjure some foxfire!
The foxfire hits the jackal.
The jackal is lightly wounded.
The foxfire hits the jackal.
The jackal is severely wounded.
The jackal bites you but does no damage.
Unknown command.
Casting: Foxfire (safe; 4% risk of failure)
Confirm with . or Enter, or press ? or * to list all spells.
You conjure some foxfire!
The jackal closely misses you.
The jackal bites you but does no damage.
The jackal barely misses you.
A gnoll comes into view. It is wielding a +0 spear.
The foxfire hits the jackal.
You kill the jackal!
The foxfire hits the adder.
The adder is heavily wounded.
The jackal misses you. The adder misses you.
Unknown command.
As you read the scroll labelled OTIRUE IPSAIMU, it crumbles to dust.
It is a scroll of amnesia.
Really abort (and waste the scroll)?
Okay, then.
The jackal barely misses you. The adder barely misses you.
The gnoll closely misses you. The hobgoblin hits you.
The jackal closely misses you.
As you read the scroll labelled YFIYWE UFOCH, it crumbles to dust.
You feel strangely unstable.
It was a scroll of teleportation.
The adder bites you but does no damage. The jackal closely misses you.
The gnoll hits you from afar with a +0 halberd!
Ouch! That really hurt!
You die...

......
......#
......g
.......
#......
#.....g##
#.....Sh#
#......@#
#.....g.#
#.....$.#
#.......#
#.......#
#.......#
#.......#
#########


You could see 2 gnolls, an adder, a jackal and a hobgoblin.

Vanquished Creatures
  4 endoplasms (D:1)
  A goblin (D:1)
  3 hobgoblins (D:1)
  A jackal (D:2)
  A ball python (D:1)
  A frilled lizard (D:1)
  2 rats (D:1)
13 creatures vanquished.

Vanquished Creatures (others)
  82 foxfires
82 creatures vanquished.

Grand Total: 95 creatures vanquished

Notes
Turn   | Place    | Note
-------+----------+-------------------------------------------
     0 | D:1      | bnorton916 the Deep Elf Fire Elementalist began the quest
                  | for the Orb.
     0 | D:1      | Reached XP level 1. HP: 10/10 MP: 6/6
   440 | D:1      | Reached XP level 2. HP: 15/15 MP: 5/8
   950 | D:2      | Slain by a gnoll

Illustrated notes

Levels and vault maps discovered:
D:1:      dpeg_arrival_shelter, layout_rooms, serial_park_tiny_2
D:2:      kennysheep_big_flooded_room, layout_basic, basic_altar,
          minmay_circle_x

Action                   || total
-------------------------++-------
 Cast: Foxfire           ||    45
  Use: Scroll            ||     2
Armor: Robe              ||     3
Dodge: Dodged            ||    11
